 Dungeon Crawl Stone Soup version 0.21.0 (webtiles) character file.

60 Jinx the Grave Robber (level 3, 0/28 HPs)
             Began as a Mummy Necromancer on May 15, 2018.
             Killed from afar by Natasha (12 damage)
             ... with a wand of flame (31)
             ... on level 2 of the Dungeon.
             The game lasted 00:04:49 (1937 turns).

Jinx the Grave Robber (Mummy Necromancer)           Turns: 1937, Time: 00:04:50

Health: 0/28       AC:  4    Str: 11    XL:     3   Next: 82%
Magic:  3/7        EV: 12    Int: 15    God:
Gold:   0          SH:  0    Dex: 12    Spells: 6/7 levels left

rFire    x . .     SeeInvis .   f - +0 whip
rCold    + . .     Gourm    .   (no shield)
rNeg     + + +     Faith    .   a - +0 robe
rPois    ∞         Spirit   .   d - +0 helmet
rElec    .         Reflect  .   h - +0 cloak
rCorr    .         Harm     .   (no gloves)
MR       .....                  (no boots)
Stlth    ++........             (no amulet)
HPRegen  0.09/turn              (no ring)
MPRegen  0.10/turn              (no ring)

@: no status effects
A: no food or potions, fire vulnerability, cold resistance 1, negative energy
resistance 3, torment resistance, unbreathing
a: no special abilities


You were on level 2 of the Dungeon.
You were not hungry.

You visited 1 branch of the dungeon, and saw 2 of its levels.

Inventory:

Hand Weapons
 e - a cursed -1 spear
 f - a +0 whip (weapon)
 i - a cursed +0 dagger
Armour
 a - a +0 robe (worn)
 d - a +0 helmet (worn)
 h - a +0 cloak (worn)
Scrolls
 c - 2 scrolls of fear {unknown}
 g - a scroll of noise {unknown}
 j - a scroll of teleportation {unknown}
 k - 2 scrolls of enchant weapon {unknown}
Books
 b - a book of Necromancy

   Spells                             Type                      Level
   a - Pain                           Necromancy                   1
   b - Animate Skeleton               Necromancy                   1
   c - Vampiric Draining              Necromancy                   3
   d - Regeneration                   Charms/Necromancy            3
   e - Animate Dead                   Necromancy                   4
   f - Borgnjor's Vile Clutch         Necromancy/Earth             5


   Skills:
 + Level 2.3 Fighting
 - Level 1.5 Dodging
 - Level 1.5 Stealth
 - Level 2.6 Spellcasting
 + Level 4.8 Necromancy


You had 6 spell levels left.
You knew the following spells:

 Your Spells              Type           Power        Failure   Level  Hunger
a - Pain                  Necr           ###.         2%          1    N/A

Dungeon Overview and Level Annotations

Branches:
Dungeon (2/15)

Altars:

Annotations:
D:2 Natasha


Innate Abilities, Weirdness & Mutations

You do not eat or drink.
Your flesh is vulnerable to fire.
You are immune to poison.
Your flesh is cold resistant. (rC+)
You are immune to negative energy. (rN+++)
You are immune to unholy pain and torment.
You can survive without breathing.


Message History

Casting: Pain
Confirm with . or Enter, or press ? or * to list all spells.
Aiming: Pain
Press: ? - help, Shift-Dir - straight line, f/p - Natasha
Aim: Natasha (heavily wounded, fast, chance to defeat MR: 75%) Natasha struggles to resist.
Natasha zaps a wand.
The puff of flame hits you! The fire burns you terribly!
Ouch! That really hurt!
It is a wand of flame (31).
The crimson imp blinks!
Casting: Pain
Confirm with . or Enter, or press ? or * to list all spells.
Aiming: Pain
Press: ? - help, Shift-Dir - straight line, f/p - Natasha
Aim: Natasha, carrying a wand of flame (31) (heavily wounded, fast, chance to defeat MR: 75%) Natasha writhes in agony!
Natasha closely misses you.
You closely miss Natasha.
Natasha is severely wounded.
Natasha claws you. The crimson imp misses you.
Natasha zaps a wand.
The puff of flame hits you! The fire burns you terribly!
You die...

#..# #...# #........
.. #........
############........
....................
##.....)..<####.
#########.#########
. ##.........#
...........#
.....5h@5..#
...........#
....######.# ... #.#
.. #.. ###


You could see an iron imp, Natasha and a crimson imp.

Vanquished Creatures
  Natasha (D:2)
  3 dart slugs
  A leopard gecko (D:1)
  4 bats
  A giant cockroach (D:1)
  5 goblins
  4 hobgoblins (D:1)
  2 frilled lizards (D:1)
  5 kobolds
  4 rats
30 creatures vanquished.

Notes
Turn   | Place    | Note
-------+----------+-------------------------------------------
     0 | D:1      | Jinx the Mummy Necromancer began the quest for the Orb.
     0 | D:1      | Reached XP level 1. HP: 13/13 MP: 4/4
   202 | D:1      | Reached skill level 1 in Fighting
   202 | D:1      | Reached XP level 2. HP: 21/21 MP: 0/5
  1355 | D:2      | Reached XP level 3. HP: 27/27 MP: 5/7
  1503 | D:2      | Noticed Natasha
  1853 | D:2      | Killed Natasha
  1929 | D:2      | Noticed Natasha
  1937 | D:2      | Killed from afar by Natasha

Skill      XL: |  1  2  3 |
---------------+----------+-----
Fighting       | 1 2 |  2.3
Dodging        | |  1.5
Stealth        | |  1.5
Spellcasting   | |  2.6
Necromancy     | |  4.8

Action                   || total
-------------------------++-------
Melee: Unarmed           ||     6
       Whip              ||     1
 Cast: Pain              ||    66
Armor: Robe              ||     3
Dodge: Dodged            ||     9
